 Dungeon Crawl Stone Soup version 0.21-a0-509-gecc5317 (webtiles) character file.

46 Laiders the Ruffian (level 3, 0/28 HPs)
             Began as a Draconian Transmuter on Dec 1, 2017.
             Slain by a bullfrog (9 damage)
             ... on level 3 of the Dungeon.
             The game lasted 00:03:47 (2371 turns).

Laiders the Ruffian (Draconian Transmuter)          Turns: 2371, Time: 00:03:48

Health: 0/28       AC:  5    Str: 12    XL:     3   Next: 44%
Magic:  7/7        EV: 12    Int: 14    God:
Gold:   94         SH:  0    Dex: 11    Spells: 1/7 levels left

rFire    . . .     SeeInvis .     - Unarmed
rCold    . . .     Gourm    .   (no shield)
rNeg     . . .     Faith    .   (armour unavailable)
rPois    .         Spirit   .   (helmet restricted)
rElec    .         Reflect  .   (no cloak)
rCorr    .         Harm     .   (no gloves)
MR       .....                  (no boots)
Stlth    +.........             (no amulet)
HPRegen  0.09/turn              (no ring)
MPRegen  0.10/turn              (no ring)

@: no status effects
A: unfitting armour, cold-blooded, AC +5
a: no special abilities


You were on level 3 of the Dungeon.
You were not hungry.

You visited 1 branch of the dungeon, and saw 3 of its levels.

You collected 94 gold pieces.

Inventory:

Missiles
 a - 12 arrows
Scrolls
 e - 2 scrolls of teleportation {unknown}
 g - 5 scrolls of identify {unknown}
 h - 2 scrolls of blinking {unknown}
 i - a scroll of enchant armour {unknown}
 k - a scroll of amnesia {unknown}
 q - 2 scrolls of fear {unknown}
Potions
 f - a potion of invisibility {unknown}
 j - 2 potions of lignification {unknown}
 l - a potion of haste {unknown}
 m - a potion of degeneration {unknown}
 n - a potion of cancellation {unknown}
 o - a potion of agility {unknown}
 r - 2 potions of flight {unknown}
Books
 b - a book of Changes

   Spells                             Type                      Level
   a - Beastly Appendage              Transmutation                1
   b - Sticks to Snakes               Transmutation                2
   c - Spider Form                    Transmutation/Poison         3
   d - Ice Form                       Ice/Transmutation            4
   e - Blade Hands                    Transmutation                5
Comestibles
 c - a bread ration
 p - 2 fruits


   Skills:
 - Level 1.1 Fighting
 - Level 1.7 Dodging
 + Level 3.5 Unarmed Combat
 + Level 2.6 Spellcasting
 + Level 2.7 Transmutations


You had one spell level left.
You knew the following spells:

 Your Spells              Type           Power        Failure   Level  Hunger
a - Beastly Appendage     Tmut           #.....       7%          1    #......
b - Sticks to Snakes      Tmut           #.......     11%         2    ###....
c - Spider Form           Tmut/Pois      #.........   36%         3    ###....


Dungeon Overview and Level Annotations

Branches:
Dungeon (3/15)

Altars:


Innate Abilities, Weirdness & Mutations

Your plain brown scales are hard. (AC +5)
You cannot fit into any form of body armour.
You are cold-blooded and may be slowed by cold attacks.


Message History

The bullfrog is moderately wounded.
The bullfrog closely misses you.
A kobold comes into view. It is wielding a whip.
You hit the bullfrog.
The bullfrog is heavily wounded.
The bullfrog hits you!
You hit the bullfrog.
The bullfrog is severely wounded.
The bullfrog hits you! The bullfrog closely misses you.
You barely miss the bullfrog.
The bullfrog is severely wounded.
The bullfrog hits you.
* * * LOW HITPOINT WARNING * * *
You closely miss the bullfrog.
The bullfrog is severely wounded.
The bullfrog closely misses you.
You hit the bullfrog but do no damage.
The bullfrog is severely wounded.
The bullfrog misses you. The bullfrog hits you!
You die...

#...## #...
#.###.###..#
#.# ##.##..#
#.# ##.#..#
#. #....# #.
##.##.# ..
##.###.#
#.###.## #.#
#.@.## #.#
##F## #.#
#.# #.# #K#
#.# #.# #.#
#.# ... ...


You could see a bullfrog and a kobold.

Vanquished Creatures
  2 dart slugs
  6 bats
  A giant cockroach (D:1)
  7 goblins
  5 hobgoblins
  2 jackals (D:3)
  6 kobolds
  A ball python (D:1)
  9 rats
39 creatures vanquished.

Notes
Turn   | Place    | Note
-------+----------+-------------------------------------------
     0 | D:1      | Laiders the Draconian Transmuter began the quest for the Orb.
     0 | D:1      | Reached XP level 1. HP: 16/16 MP: 3/3
   257 | D:1      | Reached XP level 2. HP: 19/23 MP: 5/5
   708 | D:1      | Reached XP level 3. HP: 9/28 MP: 6/6
  2251 | D:2      | Learned a level 2 spell: Sticks to Snakes
  2255 | D:2      | Learned a level 3 spell: Spider Form
  2363 | D:3      | Noticed a bullfrog
  2371 | D:3      | Slain by a bullfrog

Vault maps used:
D:1:      scummos_arrival_checkerplants
D:2:      corexii_hall_statues_x
D:3:      nicolae_ru_path_of_blood, grunt_temple_overflow_open, grunt_decor_cap,
          nrook_mini_vaults

Action                   || total
-------------------------++-------
Melee: Unarmed           ||   166
       Tailslap          ||    15
 Stab: Sleeping          ||     1
  Eat: Chunk             ||     3
       Royal jelly       ||     1
Armor: Skin              ||    60
Dodge: Dodged            ||   120

Table legend:
 A = Spawn XP
 B = Non-spawn XP
 C = Spawn XP percentage of total XP
 D = Spawn monster count
 E = Non-spawn monster count
 F = Spawn count percentage of total count
 G = Total turns spent on level
                    A         B        C        D         E        F      G
               +---------+---------+-------+---------+---------+-------+---------
         Total |       0 |      66 |   0.0 |       0 |      39 |   0.0 |  2371
               +---------+---------+-------+---------+---------+-------+---------
           D:1 |       0 |      45 |   0.0 |       0 |      27 |   0.0 |  1302
           D:2 |       0 |      15 |   0.0 |       0 |       8 |   0.0 |   965
           D:3 |       0 |       6 |   0.0 |       0 |       4 |   0.0 |   104
               +---------+---------+-------+---------+---------+-------+---------
